 Dungeon Crawl Stone Soup version 0.23.1 (webtiles) character file.

Game seed: 13622941220402198184

10644 Borgoz the Cleaver (level 11, -9/95 HPs)
             Began as a Hill Orc Abyssal Knight on Mar 6, 2019.
             Was a High Priest of Lugonu.
             Mangled by Gastronok (12 damage)
             ... while petrified by a basilisk
             ... on level 1 of the Lair of Beasts.
             The game lasted 00:22:02 (10533 turns).

Borgoz the Cleaver (Hill Orc Abyssal Knight)       Turns: 10533, Time: 00:22:03

Health: -9/95      AC: 18    Str: 21    XL:     11   Next: 65%
Magic:  17/17      EV:  2    Int: 12    God:    Lugonu [*****.]
Gold:   605        SH:  0    Dex: 20    Spells: 16/18 levels left

rFire    + . .     SeeInvis +   z - +6 war axe (elec)
rCold    + . .     Gourm    .   (no shield)
rNeg     + + +     Faith    .   p - +0 ring mail
rPois    ∞         Spirit   .   R - +0 helmet {SInv}
rElec    .         Reflect  .   x - +2 cloak "Setufu" {Regen+}
rCorr    .         Harm     .   k - +2 pair of gloves "Himabb" {rPois Dex+2 Stlth+}
MR       .....                  s - +0 pair of boots
Stlth    +++.......             (no amulet)
HPRegen  0.65/turn              U - +3 ring of evasion
MPRegen  0.15/turn              G - ring of protection from fire

@: mighty, agile, petrified, slowed
A: yellow scales 1, blurry vision 1, cold resistance 1, MP-powered wands
a: Depart the Abyss, Bend Space, Banish, Corrupt, Enter the Abyss, Renounce
Religion


You were on level 1 of the Lair of Beasts.
You worshipped Lugonu.
Lugonu was extremely pleased with you.
You were not hungry.

You visited 3 branches of the dungeon, and saw 13 of its levels.
You visited the Abyss 1 time.

You collected 890 gold pieces.
You spent 285 gold pieces at shops.

Inventory:

Hand Weapons
 z - a +6 war axe of electrocution (weapon)
Missiles
 v - 5 tomahawks (quivered)
 S - a throwing net
Armour
 b - a +0 robe of the Archmagi
 f - a scarf of resistance
 k - the +2 pair of gloves "Himabb" (worn) {rPois Dex+2 Stlth+}
   (You bought it in a shop on level 8 of the Dungeon)

   It affects your dexterity (+2).
   It protects you from poison.
   It makes you more stealthy.
 p - a +0 ring mail (worn)
 s - a +0 pair of boots (worn)
 w - a +2 robe of fire resistance
 x - the +2 cloak "Setufu" (worn) {Regen+}
   (You acquired it on level 1 of the Lair of Beasts)

   It increases your rate of regeneration.
 R - a +0 helmet of see invisible (worn)
Jewellery
 D - an uncursed ring of wizardry
 G - a ring of protection from fire (right hand)
 M - an uncursed ring of protection from cold
 U - a +3 ring of evasion (left hand)
Wands
 a - a wand of disintegration (5)
 r - a wand of digging (8)
 y - a wand of polymorph (8)
 E - a wand of iceblast (9)
 J - a wand of acid (8)
 T - a wand of paralysis (14)
Scrolls
 g - 12 scrolls of remove curse
 i - 4 scrolls of enchant armour {unknown}
 n - a scroll of noise {unknown}
 o - 2 scrolls of magic mapping
 q - a scroll of fog {unknown}
 t - a scroll of fear {unknown}
 A - 2 scrolls of amnesia
 B - a scroll of blinking {unknown}
 I - 2 scrolls of identify
Potions
 e - 3 potions of magic
 h - a potion of berserk rage
 j - a potion of agility
 l - 2 potions of heal wounds
 u - a potion of brilliance
 C - a potion of resistance
 F - 2 potions of haste
 H - a potion of ambrosia
 O - a potion of curing
Comestibles
 c - 30 rations
 d - 7 chunks of flesh


   Skills:
 + Level 8.8 Fighting
 + Level 9.1 Axes
 + Level 7.8 Armour
 * Level 8.0 Dodging
 + Level 4.0 Spellcasting
 + Level 4.4 Translocations
 + Level 9.0 Invocations


You had 16 spell levels left.
You knew the following spells:

 Your Spells              Type           Power        Failure   Level  Hunger
a - Blink                 Tloc           N/A          9%          2    ##.....

Your spell library contained the following spells:

 Spells                   Type           Power        Failure   Level  Hunger
 Shroud of Golubria       Chrm/Tloc      #.........   21%         2    ##.....
 Beastly Appendage        Tmut           #.....       32%         1    #......
 Freeze                   Ice            #...         32%         1    #......
 Magic Dart               Conj           #...         32%         1    #......
 Call Imp                 Summ           #.......     45%         2    ##.....
 Slow                     Hex            #.......     45%         2    ##.....
 Song of Slaying          Chrm           #.......     45%         2    ##.....
 Sticks to Snakes         Tmut           #.......     45%         2    ##.....
 Throw Frost              Conj/Ice       #.....       45%         2    ##.....
 Conjure Flame            Conj/Fire      #.......     69%         3    ###....
 Dazzling Spray           Conj/Hex       #.....       69%         3    ###....
 Mephitic Cloud           Conj/Pois/Air  #.......     69%         3    ###....
 Ozocubu's Armour         Chrm/Ice       #.......     69%         3    ###....
 Spider Form              Tmut/Pois      #.........   69%         3    ###....
 Ice Form                 Ice/Tmut       #.......     97%         4    #####..
 Summon Ice Beast         Ice/Summ       #.......     97%         4    #####..
 Throw Icicle             Conj/Ice       #.......     97%         4    #####..
 Blade Hands              Tmut           #.........   100%        5    ######.
 Lightning Bolt           Conj/Air       #.........   100%        5    ######.
 Deflect Missiles         Chrm/Air       #.........   100%        6    #######


Dungeon Overview and Level Annotations

Branches:
Dungeon (11/15)            Temple (1/1) D:5            Lair (1/6) D:11
    Orc (0/2) D:9

Altars:
Ashenzari
Cheibriados
Dithmenos
Elyvilon
Fedhas
Gozag
Hepliaklqana
Kikubaaqudgha
Makhleb
Nemelex Xobeh
Okawaru
Qazlal
Ru
Sif Muna
Trog
Uskayaw
Vehumet
Wu Jian
Xom
Yredelemnul
Zin
The Shining One

Shops:
D:8 [

Annotations:
Lair:1 Gastronok


Innate Abilities, Weirdness & Mutations

You are partially covered in yellow scales. (AC +2)
Scrolls take you a little longer to read.
Your flesh is cold resistant. (rC+)
You expend magic power (3 MP) to strengthen your wands.


Message History

The basilisk gazes at you. The basilisk barely misses you.
Gastronok mumbles some strange words.
You feel sluggish. The basilisk gazes at you. You resist with some effort.
The basilisk bites you but does no damage.
Gastronok waves his eye-stalks in wide circles.
The air twists around and strikes you!
* * * LOW HITPOINT WARNING * * *
The basilisk bites you but does no damage.
The basilisk bites you.
* * * LOW HITPOINT WARNING * * *
Gastronok bites you!!
* * * LOW HITPOINT WARNING * * *
The basilisk gazes at you. You resist with some effort.
The basilisk bites you but does no damage.
Gastronok bites you!!
You die...

............##.##...#
...###.###..#.8....#
...###.#...........#
..##.......#8.8.8..#
...........#.....#
...##..#.†..#...##
..#.##.#...##.+#.###
..##......##.......# ..#
#..##.#.#...@†#.#
..........#....wl†......
..#...8...+...8...+...8.
. ... ......#.....# ....
. ..#..##.#.#.....# ###
..##......#. .#
##....### #...##


You could see Gastronok and a basilisk.

Vanquished Creatures
  A two-headed ogre (D:10)
  An unseen horror (D:9)
  Pikel (D:4)
  A black mamba (Lair:1)
  Maurice (D:11)
  A gargoyle (D:10)
  A komodo dragon (Lair:1)
  4 hippogriffs
  A meliai zombie (D:11)
  8 yaks (Lair:1)
  Sigmund (D:2)
  A wyvern (D:10)
  Eustachio (D:6)
  Edmund (D:5)
  The ghost of ohad the Changer, an amateur OpTm (D:3)
  A water moccasin (Lair:1)
  3 ice beasts
  3 sky beasts
  3 slaves (D:4)
  2 orc warriors
  A black bear (D:10)
  A necrophage (D:11)
  3 ogres
  A phantom (D:10)
  5 centaurs
  2 crocodiles
  3 big kobolds
  7 bullfrogs
  3 scorpions
  4 killer bees (D:7)
  5 wights
  A howler monkey (D:6)
  A centaur zombie (D:7)
  6 orc priests
  A quasit (D:10)
  5 centaur skeletons
  4 crimson imps
  A bullfrog zombie (D:9)
  8 hounds
  3 jellies
  2 bullfrog skeletons
  4 iguanas
  9 orc wizards
  6 worker ants
  A hound skeleton (D:6)
  Robin (D:2)
  3 gnolls (D:9)
  A howler monkey skeleton (D:4)
  6 adders
  7 river rats (D:5)
  4 shadow imps
  3 oozes
  2 adder zombies (D:9)
  An adder skeleton (D:10)
  A worm (D:4)
  2 dart slugs
  5 leopard geckos
  54 orcs
  3 ball pythons
  13 bats
  6 giant cockroaches
  16 goblins
  8 hobgoblins
  3 jackals (D:6)
  21 kobolds
  10 quokkas
  6 frilled lizards
  A jackal skeleton (D:6)
  3 quokka skeletons
  17 rats
321 creatures vanquished.

Vanquished Creatures (others)
  A slave (D:4)
  A hound (D:8)
2 creatures vanquished.

Grand Total: 323 creatures vanquished

Notes
Turn   | Place    | Note
-------+----------+-------------------------------------------
     0 | Abyss:1  | Borgoz the Hill Orc Abyssal Knight began the quest for the
                  | Orb.
     0 | Abyss:1  | Reached XP level 1. HP: 19/19 MP: 2/2
    20 | Abyss:1  | Found a corrupted altar of Lugonu.
    40 | Abyss:1  | Noticed a fire elemental
    40 | D:1      | Escaped the Abyss
   301 | D:1      | Reached * piety under Lugonu
   304 | D:1      | Reached skill level 1 in Dodging
   308 | D:1      | Reached XP level 2. HP: 10/27 MP: 3/3
   878 | D:1      | Reached XP level 3. HP: 31/33 MP: 5/5
  1038 | D:2      | Noticed Robin
  1053 | D:2      | HP: 1/33 [Robin/+0 dagger (6)]
  1060 | D:2      | Killed Robin
  1330 | D:2      | Noticed Sigmund
  1344 | D:2      | Killed Sigmund
  1344 | D:2      | Reached XP level 4. HP: 18/41 MP: 6/6
  1344 | D:2      | Reached XP level 5. HP: 20/47 MP: 7/7
  1669 | D:2      | Found a burning altar of Makhleb.
  2085 | D:3      | Found an ancient bone altar of Kikubaaqudgha.
  2185 | D:3      | Reached ** piety under Lugonu
  2185 | D:3      | Reached XP level 6. HP: 46/53 MP: 8/8
  2253 | D:3      | Found a large runed translucent door.
  2254 | D:3      | Found a large runed translucent door.
  2256 | D:3      | Noticed ohad's ghost (amateur OpTm)
  2271 | D:3      | Killed ohad's ghost
  2419 | D:3      | Found a shimmering altar of Xom.
  2420 | D:3      | Found a shimmering altar of Xom.
  2420 | D:3      | Found a shimmering altar of Xom.
  2833 | D:4      | Reached XP level 7. HP: 35/60 MP: 10/10
  2867 | D:4      | Found an ornate altar of the Wu Jian Council.
  3095 | D:4      | Found a sacrificial altar of Ru.
  3132 | D:4      | Reached *** piety under Lugonu
  3245 | D:4      | Noticed Pikel
  3255 | D:4      | Reached skill level 5 in Fighting
  3259 | D:4      | Gained mutation: Scrolls take you a little longer to read.
                  | [potion of mutation]
  3259 | D:4      | Gained mutation: You expend magic power (3 MP) to
                  | strengthen your wands. [potion of mutation]
  3259 | D:4      | Gained mutation: You are partially covered in yellow
                  | scales. (AC +2) [potion of mutation]
  3259 | D:4      | Gained mutation: Your flesh is cold resistant. (rC+)
                  | [potion of mutation]
  3262 | D:4      | HP: 4/91 [Pikel/+2 whip of electrocution (10)]
  3263 | D:4      | Killed Pikel
  3263 | D:4      | Reached skill level 5 in Axes
  3263 | D:4      | Reached skill level 5 in Invocations
  3263 | D:4      | Reached XP level 8. HP: 5/69 MP: 11/11
  3314 | D:4      | Learned a level 2 spell: Blink
  3633 | D:5      | Entered Level 5 of the Dungeon
  3646 | D:5      | Found a staircase to the Ecumenical Temple.
  3729 | D:5      | Reached skill level 5 in Armour
  3742 | Temple   | Entered the Ecumenical Temple
  4081 | D:5      | Noticed Edmund
  4091 | D:5      | Killed Edmund
  4091 | D:5      | Reached skill level 1 in Translocations
  4138 | D:5      | Reached **** piety under Lugonu
  4157 | D:5      | Reached skill level 1 in Spellcasting
  4220 | D:5      | Reached skill level 5 in Dodging
  4287 | D:5      | Reached ***** piety under Lugonu
  4771 | D:6      | Noticed Eustachio
  4796 | D:6      | Killed Eustachio
  4796 | D:6      | Reached XP level 9. HP: 42/75 MP: 13/13
  5470 | D:6      | Found a basalt altar of Yredelemnul.
  6403 | D:7      | Found a deep blue altar of Sif Muna.
  6464 | D:8      | Reached XP level 10. HP: 25/86 MP: 15/15
  7196 | D:8      | Found a hide-covered altar of Uskayaw.
  7335 | D:8      | Found Plog's Antique Armour Boutique.
  7345 | D:8      | Bought a pair of polished gloves for 285 gold pieces
  7419 | D:8      | Identified the +2 pair of gloves "Himabb" {rPois Dex+2
                  | Stlth+} (You bought it in a shop on level 8 of the Dungeon)
  7499 | D:8      | Found a stormy altar of Qazlal.
  7607 | D:8      | Found a glowing golden altar of the Shining One.
  7872 | D:9      | Found a staircase to the Orcish Mines.
  8220 | D:10     | Entered Level 10 of the Dungeon
  8380 | D:10     | Noticed a gargoyle
  8388 | D:10     | Killed a gargoyle
  8603 | D:10     | Reached ****** piety under Lugonu
  8851 | D:10     | Noticed a two-headed ogre
  8865 | D:10     | Killed a two-headed ogre
  8865 | D:10     | Reached XP level 11. HP: 21/94 MP: 17/17
  9244 | D:11     | Noticed Maurice
  9271 | D:11     | Killed Maurice
  9539 | D:11     | Found a staircase to the Lair.
  9832 | D:11     | Identified the Disquisition on Confrontation and Aid
  9947 | D:9      | Found an opulent altar of Gozag.
  9977 | D:9      | Noticed an unseen horror
  9986 | D:9      | Killed an unseen horror
 10000 | D:9      | Found a hazy altar of Hepliaklqana.
 10082 | D:9      | Found a white marble altar of Elyvilon.
 10329 | Lair:1   | Entered Level 1 of the Lair of Beasts
 10372 | Lair:1   | Identified a scroll of acquirement
 10372 | Lair:1   | Got a polished cloak
 10383 | Lair:1   | Identified the +2 cloak "Setufu" {Regen+} (You acquired it
                  | on level 1 of the Lair of Beasts)
 10501 | Lair:1   | Noticed Gastronok
 10531 | Lair:1   | HP: 2/95 [Gastronok (9)]
 10533 | Lair:1   | Mangled by Gastronok

Skill      XL: |  1  2  3  4  5  6  7  8  9 10 11 |
---------------+----------------------------------+-----
Dodging        | 1 2 3 4 5 6 7 8 |  8.0
Axes           | 3 4 5 6 7 8 9 |  9.1
Invocations    | 3 4 5 6 7 8 9 |  9.0
Fighting       | 4 5 6 7 8 |  8.8
Armour         | 3 4 5 6 7 |  7.8
Translocations | 1 2 3 4 |  4.4
Spellcasting   | 1 2 3 4 |  4.0

Action                   |  1- 3 |  4- 6 |  7- 9 | 10-12 || total
-------------------------+-------+-------+-------+-------++-------
Melee: Hand axe          |   101 |   172 |    47 |       ||   320
       War axe           |       |       |   297 |   296 ||   593
Invok: Depart the Abyss  |     1 |       |       |       ||     1
  Use: Potion            |     5 |     1 |     7 |     6 ||    19
       Scroll            |       |       |     9 |     9 ||    18
 Stab: Sleeping          |       |       |       |     4 ||     4
       Invisible         |       |       |       |     1 ||     1
  Eat: Chunk             |     1 |     5 |    13 |    13 ||    32
Armor: Leather armour    |    25 |       |       |       ||    25
       Ring mail         |     2 |   108 |   131 |   132 ||   373
       Skin              |       |       |    31 |    11 ||    42
Dodge: Dodged            |    76 |   122 |   244 |   243 ||   685
